 Dungeon Crawl Stone Soup version 0.31.0-12-g77e489cdc1 (webtiles) character file.

Game seed: 15711526150570144261

312 Rassilon the Sneak (level 6, -12/30 HPs)
             Began as a Spriggan Enchanter on Feb 10, 2024.
             Killed by divine providence
             ... invoked by an orc priest
              (15 damage)
             ... on level 4 of the Dungeon on Feb 13, 2024.
             The game lasted 00:18:21 (3923 turns).

Rassilon the Sneak (Spriggan Enchanter)             Turns: 3923, Time: 00:18:21

Health: -12/30     AC:  4    Str:  6    XL:     6   Next: 18%
Magic:  16/22      EV: 17    Int: 17    God:
Gold:   169        SH:  0    Dex: 15    Spells: 3/13 levels left

rFire   . . .        a - +1 dagger
rCold   . . .        (no shield)
rNeg    . . .        b - +0 robe
rPois   .            (helmet restricted)
rElec   .            t - +1 cloak {Stlth+}
rCorr   .            (gloves unavailable)
SInv    +            (boots unavailable)
Will    +....        (no amulet)
Stlth   ++++         i - ring of magical power
HPRegen 0.25/turn    (no ring)
MPRegen 0.18/turn

%: no passive effects
@: confusing by touch, very quick
A: very small, no large weapons, unfitting armour, see invisible, speed 3
a: no special abilities


You were on level 4 of the Dungeon.
You visited 1 branch of the dungeon, and saw 4 of its levels.

You collected 169 gold pieces.

Inventory:

Hand Weapons
 a - a +1 dagger (weapon)
Missiles
 d - 14 poisoned darts (quivered)
Armour
 b - a +0 robe (worn)
 j - a +0 cloak
 t - a +1 cloak of stealth (worn)
Jewellery
 i - a ring of magical power (left hand)
Scrolls
 f - a scroll of torment {unknown}
 l - a scroll of brand weapon {unknown}
 n - a scroll of teleportation {unknown}
 o - a scroll of amnesia {unknown}
 p - a scroll of immolation {unknown}
 q - a scroll of poison {unknown}
 r - a scroll of blinking {unknown}
Potions
 c - a potion of invisibility
 e - 2 potions of might {unknown}
 g - a potion of curing {unknown}
 h - a potion of heal wounds {unknown}
 k - a potion of mutation {unknown}
 m - a potion of resistance {unknown}
 s - a potion of haste {unknown}


   Skills:
 + Level 2.1 Fighting
 * Level 4.3 Short Blades
 - Level 2.6 Dodging
 + Level 6.1 Stealth
 + Level 4.2 Spellcasting
 - Level 3.6 Hexes


You had 3 spell levels left.
You knew the following spells:

 Your Spells              Type           Power      Damage    Failure   Level
a - Ensorcelled Hibernat  Hex/Ice        18%        N/A       11%         2
b - Confusing Touch       Hex            15%        N/A       11%         3
c - Dazzling Flash        Conj/Hex       18%        N/A       22%         3
d - Blink                 Tloc           6%         N/A       24%         2

Your spell library contained the following spells:

 Spells                   Type           Power      Damage    Failure   Level
 Tukima's Dance           Hex            15%        N/A       11%         3
 Magic Dart               Conj           12%        1d3       16%         1
 Call Imp                 Summ           6%         N/A       24%         2
 Static Discharge         Conj/Air       6%         3-4/arc   24%         2
 Summon Ice Beast         Ice/Summ       3%         N/A       43%         3
 Airstrike                Air            1%         2d(1-17)  83%         4
 Summon Lightning Spire   Summ/Air       3%         N/A       83%         4
 Summon Mana Viper        Hex/Summ       9%         N/A       90%         5
 Monstrous Menagerie      Summ           1%         N/A       100%        7


Dungeon Overview and Level Annotations

Branches:
Dungeon (4/15)
 Temple: D:4-7

Altars:
Fedhas

Annotations:
D:4 1 runed translucent door, nocore's ghost, amateur MiIE


Innate Abilities, Weirdness & Mutations

You are very small and have problems with some larger weapons.
You are too small for most types of armour.
You have supernaturally acute eyesight. (SInv)
You cover ground extremely quickly. (Speed+++)


Message History

The magic dart hits you!
You start resting.
Nocore's ghost whispers, "Everlasting silence awaits you..."
An orc priest is nearby!
Casting: Ensorcelled Hibernation (safe; 11% risk of failure)
Confirm with . or Enter, or press ? or * to list all spells.
Aiming: Ensorcelled Hibernation (safe; 11% risk of failure)
Press: ? - help, Shift-Dir - straight line, f - orc priest
Aim: an orc priest, wielding a +0 club (chance to affect: 43%)
The orc priest resists with some effort.
You hit the orc priest.
The orc priest is lightly wounded.
The orc priest misses you.
You hit the orc priest but do no damage.
The orc priest is lightly wounded.
The orc priest misses you.
You hit the orc priest.
The orc priest is moderately wounded.
The orc priest closely misses you.
Casting: Ensorcelled Hibernation (safe; 11% risk of failure)
Confirm with . or Enter, or press ? or * to list all spells.
Aiming: Ensorcelled Hibernation (safe; 11% risk of failure)
Press: ? - help, Shift-Dir - straight line, f/p - orc priest
Aim: an orc priest, wielding a +0 club (moderately wounded, chance to affect: 43%)
The orc priest resists with some effort.
The orc priest hits you with a +0 club.
You hit the orc priest.
The orc priest is moderately wounded.
You hit the orc priest.
The orc priest is heavily wounded.
The orc priest mumbles some strange prayers to Beogh against you.
Beogh smites you!
* * * LOW HITPOINT WARNING * * *
Casting: Ensorcelled Hibernation (safe; 11% risk of failure)
Confirm with . or Enter, or press ? or * to list all spells.
Your hands begin to glow red.
The orc priest mumbles some strange prayers to Beogh against you.
Beogh smites you!
Ouch! That really hurt!
You die...

.. #...####### #..##..# #.
###.....)...###[##..## #.$
#...........##†.##..## ...#
##..##.................#
...o##..# #........#.......)#
#..o..# #...........###...#
###...####÷######...##⌠##...#
#........#####...##...##...#
#?.##.......#@..##..!..##..#
........#####.o...#W..♣...+..#
#......... ###...##..?..##..#
..##<..##.. ##...##...##. ##
#.#.# ####..s.....##⌠## ...#..
###.......###. ####
#h..##..... #.K.. ..... ####.
.....


You could see an orc priest and nocore's ghost.

Vanquished Creatures
  A black bear (D:4)
  A scorpion (D:4)
  A hound (D:4)
  Crazy Yiuf (D:3)
  An adder (D:2)
  2 ribbon worms (D:2)
  2 dart slugs
  2 orcs (D:4)
  14 ball pythons
  5 endoplasms
  6 giant cockroaches
  13 goblins
  8 hobgoblins
  4 kobolds
  5 quokkas
  12 bats
  2 frilled lizards (D:3)
  4 rats
84 creatures vanquished.

Notes
Turn   | Place    | Note
-------+----------+-------------------------------------------
     0 | D:1      | Rassilon the Spriggan Enchanter began the quest for the
                  | Orb.
     0 | D:1      | Reached XP level 1. HP: 9/9 MP: 5/5
   168 | D:1      | Reached XP level 2. HP: 12/14 MP: 6/6
   171 | D:1      | Learned a level 2 spell: Ensorcelled Hibernation
   801 | D:1      | Reached XP level 3. HP: 7/17 MP: 1/8
  1279 | D:1      | Learned a level 3 spell: Confusing Touch
  1283 | D:1      | Learned a level 3 spell: Dazzling Flash
  1343 | D:1      | Reached skill level 1 in Fighting
  1573 | D:2      | Reached skill level 5 in Stealth
  1984 | D:2      | Reached XP level 4. HP: 22/22 MP: 10/10
  2521 | D:3      | Learned a level 2 spell: Blink
  2711 | D:3      | Found a faded altar of an unknown god.
  2876 | D:3      | Found a blossoming altar of Fedhas.
  3128 | D:3      | Found a runed translucent door.
  3129 | D:3      | Noticed Crazy Yiuf
  3132 | D:3      | Upgraded the game from 0.31.0-11-ge490571c62 to
                  | 0.31.0-12-g77e489cdc1
  3136 | D:3      | Killed Crazy Yiuf
  3523 | D:4      | Found a runed translucent door.
  3523 | D:4      | Noticed nocore's ghost (amateur MiIE)
  3559 | D:4      | Reached XP level 5. HP: 18/25 MP: 11/11
  3595 | D:4      | Noticed a black bear
  3603 | D:4      | Killed a black bear
  3780 | D:4      | Reached skill level 6 in Stealth
  3813 | D:4      | Reached XP level 6. HP: 25/30 MP: 10/13
  3923 | D:4      | Killed from afar by an orc priest

Illustrated notes

Levels and vault maps discovered:
D:1:      minmay_arrival_nine_rooms, layout_basic, grunt_decor_arrowhead,
          minivault_24
D:2:      layout_rooms, grunt_ministairs_10
D:3:      layout_basic, mainiacjoe_overflow_paths,
          shapermc_ecumenical_altar_starsandcircs, minmay_misc_feat_rows,
          uniq_crazy_yiuf_cottage
D:4:      layout_rooms, minmay_temple_entry_glass,
          hellmonk_ghost_happy_afterlife

Skill      XL: |  1  2  3  4  5 |
---------------+----------------+-----
Spellcasting   | 3 4 |  4.2
Short Blades   | 2 3 4 |  4.3
Fighting       | 1 2 |  2.1
Stealth        | 5 6 |  6.1
Dodging        | |  2.6
Hexes          | |  3.6

Action                     |  1- 3 |  4- 6 || total
---------------------------+-------+-------++-------
  Melee: Dagger            |   127 |   129 ||   256
  Throw: Dart              |     7 |       ||     7
   Cast: Ensorcelled Hiber |    37 |    34 ||    71
         Confusing Touch   |       |     4 ||     4
    Use: Potion            |       |     1 ||     1
   Stab: Sleeping          |    23 |    21 ||    44
 Armour: Robe              |    35 |    38 ||    73
  Dodge: Dodged            |    91 |    95 ||   186
